 Dungeon Crawl Stone Soup version 0.29-a0-284-gf9362112df (webtiles) character file.

Game seed: 2861538585385777306

26 spaghetti the Insei (level 3, 0/27 HPs)
             Began as a Djinni Transmuter on Mar 26, 2022.
             Was a Believer of Lugonu.
             Slain by a gnoll
             ... wielding a +0 halberd
              (8 damage)
             ... on level 2 of the Dungeon.
             The game lasted 00:02:57 (1916 turns).

spaghetti the Insei (Djinni Transmuter)             Turns: 1916, Time: 00:02:58

Health: 0/27       AC:  2    Str:  9    XL:     3   Next: 22%
Gold:   16         EV: 19    Int: 16    God:    Lugonu [**....] SH:  0 Dex: 18

rFire   . . .      SeeInvis .     - Unarmed
rCold   . . .      Faith    .   (shield currently unavailable)
rNeg    . . .      Spirit   .   (body armour currently unavailable)
rPois   ∞          Reflect  .   (helmet currently unavailable)
rElec   .          Harm     .   (cloak currently unavailable)
rCorr   .          Rampage  .   (gloves currently unavailable)
Will    .....                   (boots unavailable)
Stlth   ++........              (no amulet)
HPRegen 0.09/turn               (no ring)
MPRegen 0.00/turn               (no ring)

@: spider-form (expiring), wereblooded, flying
A: venomous fangs, flying, sickness immunity, tiny, (fire resistance 2), (cold
vulnerability 1), float, innate caster, HP casting, extra vitality 1
a: End Transformation, Renounce Religion, Depart the Abyss, Bend Space


You were on level 2 of the Dungeon.
You worshipped Lugonu.
Lugonu was pleased with you.
You were a venomous arachnid creature.
You visited 1 branch of the dungeon, and saw 2 of its levels.

You collected 16 gold pieces.


Innate Abilities, Weirdness & Mutations

You are a venomous arachnid creature.
You have poisonous fangs.
You are tiny and dextrous.
You are flying.
Your spellcasting is less reliable in this form.
Your armour is entirely melded.
You are incapable of wielding weapons or throwing items.
You are immune to sickness and miasma.
You are immune to poison.
((Your flesh is very heat resistant. (rF++)))
((You are vulnerable to cold. (rC-)))
You float through the air rather than walking.
You learn spells naturally, not from books.
Your magical power is your life essence.
You have superior vitality. (+4 MHP)


   Skills:
 - Level 1.0 Fighting
 - Level 2.1 Dodging
 - Level 3.0 Unarmed Combat
 + Level 2.6 Spellcasting


You couldn't memorise any spells.
You knew the following spells:

 Your Spells              Type           Power      Damage    Failure   Level
a - Beastly Appendage     Tmut           20%        N/A       17%         1
b - Wereblood             Tmut           10%        N/A       24%         2
c - Spider Form           Tmut/Pois      10%        N/A       38%         3
d - Ice Form              Ice/Tmut       10%        N/A       75%         4
e - Sting                 Tmut/Pois      40%        1d5       17%         1
Your spell library was empty.

Inventory:

Missiles
 b - 23 stones {throwing}
Armour
 a - a +0 robe (melded)
 c - a scarf of harm (melded)
   (You found it on level 1 of the Dungeon)
Scrolls
 d - a scroll of holy word {unknown}
 e - 3 scrolls of identify {unknown}
 f - a scroll of teleportation {unknown}
 g - a scroll of amnesia {unknown}

Dungeon Overview and Level Annotations

Branches:
Dungeon (2/15)

Altars:
Lugonu

# #.# ####.# .......
.....# #.....#
###..# ##.....## #
#).# ....... ###..#
.....# .....# .g..#
##..## #####.g####
#.## #...gsg...###
#.# #.###........
#.# #.# #.###.##.
##.# ##.###.# # .#.#
#......#
...########....)###
...[.............>.+
...########.....####
....## #........


You could see 4 gnolls.


Message History

Press: ? - help, Q - select action, (/) - cycle Shift-Dir - straight line, f - frilled lizard
Aim: a frilled lizard (53% to hit)
The sting hits the frilled lizard.
The frilled lizard is poisoned.
You kill the frilled lizard!
Lugonu accepts your kill. 😕 HP[-1]
You take 1 damage, and now have 26/27 hp.
Aiming: Sting (safe; 7% risk of failure)
Press: ? - help, Q - select action, (/) - cycle Shift-Dir - straight line, f - you That beam is likely to hit you.
Continue anyway? [Y]es or [N]o only, please.
That beam is likely to hit you.
Continue anyway?
Okay, then.
You see here a frilled lizard corpse.
You now have 16 gold pieces (gained 8).
Key pressed, stopping explore.
b - 21 stones {throwing} (gained 17)
A kobold comes into view.
It is wielding a +0 short sword. 😎 HP[+1]
Your hp is fully restored (27).
A kobold is nearby!
A kobold is nearby!
Aiming: Sting (safe; 7% risk of failure)
Press: ? - help, Q - select action, (/) - cycle Shift-Dir - straight line, f - you That beam is likely to hit you.
Continue anyway? [Y]es or [N]o only, please.
That beam is likely to hit you.
Continue anyway?
Okay, then.
The kobold shouts!
The sting hits the kobold.
The kobold is poisoned. 😕 HP[-1]
You take 1 damage, and now have 26/27 hp.
The sting hits the kobold.
The kobold looks even sicker.
You kill the kobold!
Lugonu accepts your kill. 😕 HP[-1]
You take 1 damage, and now have 25/27 hp.
You can't see any susceptible monsters within range! (Use Z to cast anyway.)
You can't see any susceptible monsters within range! (Use Z to cast anyway.)
b - 23 stones {throwing} (gained 2)
Things that are here:
a +0 short sword {short}; a kobold corpse 😎 HP[+2]
Your hp is fully restored (27).
Things that are here:
a +0 short sword {short}; a kobold corpse Key pressed, stopping explore.
You see here a +0 cloak.
Found a stone staircase leading down.
A gnoll comes into view. It is wielding a +0 halberd.
The gnoll shouts!
You hear a shout! x2
A gnoll comes into view. It is wielding a +0 spear.
There are monsters nearby!
Okay, then.
You can't see any susceptible monsters within range! (Use Z to cast anyway.)
You can't see any susceptible monsters within range! (Use Z to cast anyway.)
You can't see any susceptible monsters within range! (Use Z to cast anyway.)
Aiming: Sting (safe; 6% risk of failure)
Press: ? - help, Q - select action, (/) - cycle Shift-Dir - straight line, f - you
Okay, then.
Casting: Sting (safe; 6% risk of failure)
Confirm with . or Enter, or press ? or * to list all spells.
You grow a pair of large bovine horns. 😕 HP[-1]
You take 1 damage, and now have 26/27 hp.
Casting: Beastly Appendage (safe; 6% risk of failure)
Confirm with . or Enter, or press ? or * to list all spells.
The spell is quite dangerous to miscast (19% risk of failure)!
Continue anyway?
Your horns disappear.
You turn into a venomous arachnid creature.
Your scarf of harm melds into your body.
Your +0 robe melds into your body.
A gnoll comes into view. It is wielding a +0 club. 😕 HP[-3]
You take 3 damage, and now have 23/27 hp.
Casting: Spider Form (extremely dangerous; 38% risk of failure)
Confirm with . or Enter, or press ? or * to list all spells.
The spell is quite dangerous to miscast (24% risk of failure)!
Continue anyway?
Your blood is infused with primal strength.
The gnoll misses you.
A gnoll comes into view. It is wielding a +0 whip. 😕 HP[-2]
You take 2 damage, and now have 21/27 hp.
The gnoll barely misses you.
The gnoll shouts!
You hit the gnoll but do no damage.
The gnoll is poisoned.
The gnoll hits you with a +0 halberd!
* * * LOW HITPOINT WARNING * * *
The gnoll completely misses you. The gnoll hits you with a +0 whip.
* * * LOW HITPOINT WARNING * * *
😨 HP[-14]
You take 14 damage, and now have 7/27 hp.
MASSIVE DAMAGE!! (PAUSE)
You hit the gnoll.
The gnoll is poisoned.
The gnoll barely misses you. x2
You barely miss the gnoll. 😨 HP[+1]
You hit the gnoll.
The gnoll looks as sick as possible!
Your transformation is almost over.
The gnoll hits you with a +0 halberd!
You die...

Skill      XL: |  1 |
---------------+----+-----
Spellcasting   | 2 |  2.6
Fighting       | |  1.0
Dodging        | |  2.1
Unarmed Combat | |  3.0

Action                   || total
-------------------------++-------
Melee: Unarmed           ||    82
       Headbutt          ||     6
       Punch             ||     1
 Cast: Beastly Appendage ||    13
       Wereblood         ||     8
       Sting             ||     7
       Spider Form       ||     1
  Use: Potion            ||     1
Armor: Robe              ||    28
       Skin              ||     5
Dodge: Dodged            ||    63

Levels and vault maps discovered:
D:1:      minmay_arrival_stone_box, layout_loops_cross,
          chequers_ecumenical_altar_island, serial_bayou_lagoon_a,
          minmay_lizard_pond
D:2:      layout_loops_corners, uniq_robin

Notes
Turn   | Place    | Note
-------+----------+-------------------------------------------
     0 | D:1      | spaghetti the Djinni Transmuter began the quest for the
                  | Orb.
     0 | D:1      | Reached XP level 1. HP: 17/17 MP: 0/0
     0 | D:1      | magus.rc [v1.9.6]
   179 | D:1      | HP: 3/17 [hobgoblin (2)]
   581 | D:1      | Reached skill level 2 in Spellcasting
   581 | D:1      | Reached XP level 2. HP: 20/22 MP: 0/0
   658 | D:1      | Found a faded altar of an unknown god.
   667 | D:1      | Prayed at the altar of an unknown god.
   667 | D:1      | Became a worshipper of Lugonu the Unformed
   667 | D:1      | Reached * piety under Lugonu
   667 | D:1      | Reached ** piety under Lugonu
   890 | D:1      | HP: 5/22 [frilled lizard (1)]
  1661 | D:2      | Reached XP level 3. HP: 23/27 MP: 0/0
  1661 | D:2      | Learned a level 1 spell: Sting
  1916 | D:2      | Slain by a gnoll

Vanquished Creatures
  A dart slug (D:2)
  3 bats
  2 endoplasms (D:1)
  A giant cockroach (D:2)
  A goblin (D:1)
  2 hobgoblins (D:1)
  A ball python (D:2)
  7 frilled lizards
  3 kobolds
  3 rats (D:1)
24 creatures vanquished.

Table legend:
 A = Non-vault XP
 B = Vault XP
 C = Vault XP percentage of total XP
 D = Non-vault monster count
 E = Vault monster count
 F = Vault count percentage of total count
                 A         B        C        D         E       F
            +---------+---------+-------+---------+---------+-------
      Total |      33 |       5 |  13.2 |      19 |       5 |  20.8
            +---------+---------+-------+---------+---------+-------
        D:1 |      21 |       5 |  19.2 |      13 |       5 |  27.8
        D:2 |      12 |       0 |   0.0 |       6 |       0 |   0.0
            +---------+---------+-------+---------+---------+-------

Illustrated notes

Table legend:
 A = Kills in this place as a percentage of kills in entire the game.
 B = Kills by you in this place as a percentage of kills by you in the entire game.
 C = Kills by friends in this place as a percentage of kills by friends in the entire game.
 D = Other kills in this place as a percentage of other kills in the entire game.
 E = Experience gained in this place as a percentage of experience gained in the entire game.
 F = Experience gained in this place divided by the number of levels of this place that you have seen.
                   A       B       C       D       E      F
               +-------+-------+-------+-------+-------+----------------------
         Total | 100.0 | 100.0 |   N/A |   N/A | 100.0 |  19.0
       Dungeon | 100.0 | 100.0 |   N/A |   N/A | 100.0 |  19.0
               +-------+-------+-------+-------+-------+----------------------

Table legend: (Time is in decaauts)
 A = Elapsed time spent in this place.
 B = Non-inter-level travel time spent in this place.
 C = Inter-level travel time spent in this place.
 D = Time resting spent in this place.
 E = Time spent auto-exploring this place.
 F = Levels seen in this place.
 G = Mean time per level.
                   A        B        C        D        E       F      G
               +--------+--------+--------+--------+--------+-----+--------+
         Total |   1911 |   1881 |     30 |    479 |   1158 |   2 |  955.5 |
       Dungeon |   1911 |   1881 |     30 |    479 |   1158 |   2 |  955.5 |
               +--------+--------+--------+--------+--------+-----+--------+

Top non-repeatable levels by time:
     D:1: 1593 daAuts
     D:2: 317 daAuts
